 Dungeon Crawl Stone Soup version 0.25-a0-283-ge7e91ba8d0 (webtiles) character file.

Game seed: 9605721535766868859, levelgen mode: deterministic

40 D1HalberdGnoll the Insei (level 3, -13/29 HPs)
             Began as a Draconian Transmuter on Dec 11, 2019.
             Mangled by a gnoll
             ... wielding a cursed -1 halberd
              (14 damage)
             ... on level 2 of the Dungeon.
             The game lasted 00:02:07 (924 turns).

D1HalberdGnoll the Insei (Draconian Transmuter)      Turns: 924, Time: 00:02:07

Health: -13/29     AC:  6    Str: 12    XL:     3   Next: 30%
Magic:  6/6        EV: 12    Int: 13    God:
Gold:   52         SH:  0    Dex: 12    Spells: 5/6 levels left

rFire    . . .     SeeInvis .     - Unarmed
rCold    . . .     Gourm    .   (no shield)
rNeg     . . .     Faith    .   (armour unavailable)
rPois    .         Spirit   .   (helmet restricted)
rElec    .         Reflect  .   n - +0 cloak
rCorr    .         Harm     .   (no gloves)
MR       .....                  (no boots)
Stlth    +.........             (no amulet)
HPRegen  0.09/turn              (no ring)
MPRegen  0.10/turn              (no ring)

@: no status effects
A: unfitting armour, cold-blooded, AC +5
a: no special abilities


You were on level 2 of the Dungeon.
You were not hungry.

You visited 1 branch of the dungeon, and saw 2 of its levels.

You collected 52 gold pieces.

Inventory:

Missiles
 a - 74 arrows
 b - 6 datura-tipped darts (quivered)
Armour
 n - a +0 cloak (worn)
Jewellery
 l - a +4 ring of evasion {unknown}
Scrolls
 d - a scroll of random uselessness {unknown}
 e - 3 scrolls of identify {unknown}
 h - a scroll of fog {unknown}
 k - a scroll of blinking {unknown}
Potions
 f - 2 potions of curing {unknown}
 g - a potion of heal wounds {unknown}
 i - a potion of invisibility {unknown}
 j - a potion of brilliance {unknown}
 m - a potion of might {unknown}
 o - a potion of ambrosia {unknown}
 p - a potion of degeneration {unknown}
Comestibles
 c - 4 rations
 q - 2 chunks of flesh


   Skills:
 + Level 1.6 Fighting
 + Level 2.0 Dodging
 * Level 3.5 Unarmed Combat
 + Level 2.3 Spellcasting
 + Level 2.4 Transmutations


You had 5 spell levels left.
You knew the following spells:

 Your Spells              Type           Power        Failure   Level  Hunger
a - Beastly Appendage     Tmut           #.....       9%          1    #......

Your spell library contained the following spells:

 Spells                   Type           Power        Failure   Level  Hunger
 Sticks to Snakes         Tmut           #.......     14%         2    ###....
 Spider Form              Tmut/Pois      #.........   41%         3    ###....
 Ice Form                 Ice/Tmut       #.......     83%         4    #####..
 Blade Hands              Tmut           #.........   94%         5    ######.


Dungeon Overview and Level Annotations

Branches:
Dungeon (2/15)

Altars:


Innate Abilities, Weirdness & Mutations

Your plain brown scales are hard. (AC +5)
You cannot fit into any form of body armour.
You are cold-blooded and may be slowed by cold attacks.


Message History

You kill the gnoll!
The gnoll shouts!
The gnoll refuses to make way for you. (Use ctrl+direction or * direction to attack.)
The gnoll refuses to make way for you. (Use ctrl+direction or * direction to attack.)
The gnoll refuses to make way for you. (Use ctrl+direction or * direction to attack.) Unknown command.
The gnoll closely misses you. x2
The gnoll shouts!
The gnoll misses you.
The gnoll shouts!
The gnoll barely misses you.
Your talons disappear.
The gnoll shouts!
The gnoll misses you.
There are no items here.
The gnoll hits you with a cursed -1 halberd!
Ouch! That really hurt!
* * * LOW HITPOINT WARNING * * *
The gnoll hits you with a cursed -1 halberd!
You die...

#######.#...g....#
#...#.###.#######
#.####....#.....#
#......##.#.###.#
#####..##(#...#.#
#.....##....#
##.#.(#...###
#....#..####
####.#<@g..#
#.#####.#
#)#####.#
#.......#
#########


You could see a neutral gnoll (insane).

Vanquished Creatures
  A gnoll (D:2)
  A dart slug (D:1)
  3 giant cockroaches
  2 goblins
  A hobgoblin (D:1)
  2 jackals (D:1)
  A bat (D:2)
  4 frilled lizards
  A kobold (D:1)
  3 rats
19 creatures vanquished.

Vanquished Creatures (collateral kills)
  2 gnolls (D:2)
  A goblin (D:2)
3 creatures vanquished.

Vanquished Creatures (others)
  A rat (D:2)
1 creature vanquished.

Grand Total: 23 creatures vanquished

Notes
Turn   | Place    | Note
-------+----------+-------------------------------------------
     0 | D:1      | D1HalberdGnoll the Draconian Transmuter began the quest for
                  | the Orb.
     0 | D:1      | Reached XP level 1. HP: 16/16 MP: 3/3
   153 | D:1      | Reached XP level 2. HP: 19/23 MP: 5/5
   908 | D:2      | Reached XP level 3. HP: 14/28 MP: 6/6
   924 | D:2      | HP: 1/29 [gnoll/cursed -1 halberd (15)]
   924 | D:2      | Mangled by a gnoll

Levels and vault maps discovered:
D:1:      dpeg_arrival_round_b, layout_rooms, roderic_lattice_a
D:2:      layout_basic, first_ration, uniq_sigmund

Skill      XL: |  1  2 |
---------------+-------+-----
Dodging        | 2 |  2.0
Fighting       | |  1.6
Unarmed Combat | |  3.5
Spellcasting   | |  2.3
Transmutations | |  2.4

Action                   || total
-------------------------++-------
Melee: Unarmed           ||    51
       Kick              ||     7
       Tailslap          ||     4
Throw: Dart              ||     2
 Cast: Beastly Appendage ||     5
 Stab: Sleeping          ||     1
Armor: Skin              ||    15
Dodge: Dodged            ||    48

Table legend:
 A = Non-vault XP
 B = Vault XP
 C = Vault XP percentage of total XP
 D = Non-vault monster count
 E = Vault monster count
 F = Vault count percentage of total count
                 A         B        C        D         E       F
            +---------+---------+-------+---------+---------+-------
      Total |      58 |       0 |   0.0 |      22 |       0 |   0.0
            +---------+---------+-------+---------+---------+-------
        D:1 |      21 |       0 |   0.0 |      12 |       0 |   0.0
        D:2 |      37 |       0 |   0.0 |      10 |       0 |   0.0
            +---------+---------+-------+---------+---------+-------
